 Dungeon Crawl Stone Soup version 0.23.2-1-ga50397a6bc (webtiles) character file.

Game seed: 17863930065479933785

16545 Morrissey the Archer (level 12, -7/94 HPs)
             Began as a Centaur Hunter on May 22, 2019.
             Was a High Priest of Okawaru.
             Mangled by an alligator simulacrum (25 damage)
             ... in an ice cave on May 23, 2019.
             The game lasted 00:37:41 (16575 turns).

Morrissey the Archer (Centaur Hunter)              Turns: 16575, Time: 00:37:41

Health: -7/94      AC: 14    Str: 16    XL:     12   Next: 11%
Magic:  12/12      EV:  9    Int: 10    God:    Okawaru [*****.]
Gold:   746        SH:  3    Dex: 16    Spells: 11/11 levels left

rFire    . . .     SeeInvis .   b - +2 trident (venom)
rCold    . . .     Gourm    .   (no shield)
rNeg     . . .     Faith    .   i - +0 ring mail
rPois    .         Spirit   .   p - +0 helmet
rElec    .         Reflect  +   m - +0 cloak
rCorr    .         Harm     .   C - +0 pair of gloves
MR       .....                  E - +1 centaur barding {Stlth+}
Stlth    ++........             G - +3 amulet of reflection (curse)
HPRegen  0.25/turn              u - +2 ring of evasion
MPRegen  0.13/turn              A - +2 ring of dexterity

@: very quick
A: large, hooves 3, deformed body, speed 2, tough skin 3
a: Heroism, Finesse, Renounce Religion


You were in an ice cave.
You worshipped Okawaru.
Okawaru was extremely pleased with you.
You were not hungry.

You visited 3 branches of the dungeon, and saw 15 of its levels.
You also visited: Ice Cave.

You collected 746 gold pieces.

Inventory:

Hand Weapons
 a - a +1 shortbow
 b - a +2 trident of venom (weapon)
Missiles
 d - 176 arrows
Armour
 i - a +0 ring mail (worn)
 m - a +0 cloak (worn)
 p - a +0 helmet (worn)
 C - a +0 pair of gloves (worn)
 E - a +1 centaur barding of stealth (worn)
Jewellery
 g - an uncursed ring of stealth
 t - an uncursed ring of flight
 u - a +2 ring of evasion (left hand)
 w - an uncursed ring of magical power
 y - an uncursed amulet of the gourmand
 A - a +2 ring of dexterity (right hand)
 G - a cursed +3 amulet of reflection (around neck)
 H - an uncursed ring of resist corrosion
 L - an uncursed ring of stealth
Wands
 v - a wand of flame (19)
 D - a wand of clouds (6)
 J - a wand of random effects (16)
Scrolls
 e - 2 scrolls of enchant weapon
 j - 3 scrolls of blinking
 o - 5 scrolls of teleportation
 q - a scroll of amnesia
 s - 5 scrolls of remove curse
 x - 2 scrolls of enchant armour
Potions
 c - 3 potions of haste
 h - 3 potions of agility
 k - a potion of resistance
 l - 3 potions of curing
 n - 2 potions of invisibility
 r - 4 potions of flight
 B - a potion of brilliance {unknown}
 F - a potion of heal wounds
 I - a potion of might
 K - a potion of lignification {unknown}
Comestibles
 f - 25 rations
 z - 5 chunks of flesh


   Skills:
 - Level 5.0 Fighting
 - Level 14.0 Polearms
 - Level 14.0 Bows
 + Level 1.8 Armour
 + Level 2.4 Dodging
 - Level 0.4 Stealth


You had 11 spell levels left.
You didn't know any spells.
Your spell library contained the following spells:

 Spells                   Type           Power        Failure   Level  Hunger
 Beastly Appendage        Tmut           #.....       56%         1    ##.....
 Freeze                   Ice            #...         56%         1    ##.....
 Infusion                 Chrm           #...         56%         1    ##.....
 Magic Dart               Conj           #...         56%         1    ##.....
 Blink                    Tloc           N/A          71%         2    ###....
 Call Imp                 Summ           #.......     71%         2    ###....
 Searing Ray              Conj           #.....       71%         2    ###....
 Shroud of Golubria       Chrm/Tloc      #.........   71%         2    ###....
 Slow                     Hex            #.......     71%         2    ###....
 Song of Slaying          Chrm           #.......     71%         2    ###....
 Sticks to Snakes         Tmut           #.......     71%         2    ###....
 Throw Frost              Conj/Ice       #.....       71%         2    ###....
 Conjure Flame            Conj/Fire      #.......     91%         3    ####...
 Dazzling Spray           Conj/Hex       #.....       91%         3    ####...
 Mephitic Cloud           Conj/Pois/Air  #.......     91%         3    ####...
 Ozocubu's Armour         Chrm/Ice       #.......     91%         3    ####...
 Regeneration             Chrm/Necr      #.........   91%         3    ####...
 Spectral Weapon          Hex/Chrm       #.......     91%         3    ####...
 Spider Form              Tmut/Pois      #.........   91%         3    ####...
 Force Lance              Conj/Tloc      #.......     100%        4    #####..
 Fulminant Prism          Conj/Hex       #.........   100%        4    #####..
 Ice Form                 Ice/Tmut       #.......     100%        4    #####..
 Iskenderun's Mystic Bla  Conj           #.......     100%        4    #####..
 Summon Ice Beast         Ice/Summ       #.......     100%        4    #####..
 Summon Lightning Spire   Summ/Air       #.......     100%        4    #####..
 Throw Icicle             Conj/Ice       #.......     100%        4    #####..
 Blade Hands              Tmut           #.........   100%        5    ######.
 Silence                  Hex/Air        #.........   100%        5    ######.
 Conjure Ball Lightning   Conj/Air       #.........   100%        6    #######
 Deflect Missiles         Chrm/Air       #.........   100%        6    #######
 Tornado                  Air            #.........   100%        9    #######


Dungeon Overview and Level Annotations

Branches:
Dungeon (12/15)            Temple (1/1) D:5            Lair (2/6) D:11
  Swamp: Lair:2-4    Shoals: Lair:2-4     Snake: Lair:2-4    Spider: Lair:2-4
    Orc: D:9-12

Altars:
Ashenzari
Cheibriados
Dithmenos
Elyvilon
Fedhas
Gozag
Hepliaklqana
Kikubaaqudgha
Makhleb
Nemelex Xobeh
Okawaru
Qazlal
Ru
Sif Muna
Trog
Uskayaw
Vehumet
Wu Jian
Xom
Yredelemnul
Zin
The Shining One

Shops:
D:4 [   D:7 *   D:8 (

Annotations:
Lair:1 3 runed translucent doors, viktor89's ghost, journeyman DrCj


Innate Abilities, Weirdness & Mutations

You have hooves in place of feet.
Armour fits poorly on your strangely shaped body.
You cover ground very quickly.
You have extremely tough skin. (AC +3)


Message History

You hit the polar bear simulacrum but do no damage.
The polar bear simulacrum is heavily damaged.
The alligator simulacrum bites you but does no damage.
The alligator simulacrum tail-slaps you but does no damage.
You puncture the polar bear simulacrum!
The polar bear simulacrum vapourises!
Okawaru accepts your kill.
You hit the alligator simulacrum. You kick the alligator simulacrum!
The alligator simulacrum is heavily damaged.
The alligator simulacrum bites you! The alligator simulacrum freezes you!!
The alligator simulacrum tail-slaps you!
* * * LOW HITPOINT WARNING * * *
The alligator simulacrum freezes you!!
* * * LOW HITPOINT WARNING * * *
You puncture the alligator simulacrum! You kick the alligator simulacrum.
The alligator simulacrum is almost destroyed.
The alligator simulacrum bites you.
* * * LOW HITPOINT WARNING * * *
The alligator simulacrum freezes you!!
You die...

#####
##...##
##..@..##
#..Z°○..#
#...(...#
##..(..##
##.(.##
#..(#
##..(
#...#
...##


You could see an alligator simulacrum.

Vanquished Creatures
  3 hydras
  A two-headed ogre (D:9)
  An ugly thing (D:11)
  A manticore (D:12)
  A black mamba (Lair:1)
  A spiny frog (Lair:1)
  A komodo dragon (Lair:1)
  A rime drake (Lair:2)
  Grinder (D:6)
  A troll (D:11)
  5 blink frogs
  3 hippogriffs
  A hornet (D:10)
  A meliai zombie (D:11)
  2 dream sheep (D:8)
  A vampire (D:10)
  2 wyverns (D:11)
  8 yaks
  2 basilisks (D:11)
  A death yak simulacrum (IceCv)
  An acid dragon (D:11)
  7 water moccasins
  Duvessa (D:5)
  4 orc warriors
  4 porcupines (Lair:1)
  5 ice beasts
  4 sky beasts
  An eye of draining (D:4)
  7 ogres
  A phantom (D:6)
  3 centaurs
  5 wolves (Lair:1)
  2 crocodiles
  4 big kobolds
  7 bullfrogs
  Dowan (D:5)
  A water moccasin zombie (D:8)
  4 scorpions
  A water moccasin skeleton (D:5)
  3 killer bees (D:11)
  5 wights (D:5)
  7 howler monkeys
  A bullfrog zombie (D:10)
  A centaur zombie (D:6)
  6 crimson imps
  7 hounds
  A quasit (D:7)
  2 jellies
  6 orc priests
  Crazy Yiuf (D:2)
  Jessica (D:2)
  Terence (D:2)
  An iguana (D:10)
  7 orc wizards
  9 worker ants
  A polar bear simulacrum (IceCv)
  A wolf simulacrum (IceCv)
  A hound zombie (D:5)
  5 hound skeletons
  A gnoll (D:1)
  9 adders
  3 shadow imps
  2 oozes (D:1)
  3 adder skeletons
  6 worms
  4 dart slugs
  8 leopard geckos
  33 orcs
  7 bats (D:1)
  6 giant cockroaches
  14 hobgoblins
  3 jackals
  11 kobolds
  A quokka (D:4)
  5 frilled lizards
  11 goblins
  A jackal skeleton (D:5)
  13 rats
309 creatures vanquished.

Vanquished Creatures (others)
  An orc wizard (D:4)
1 creature vanquished.

Grand Total: 310 creatures vanquished

Notes
Turn   | Place    | Note
-------+----------+-------------------------------------------
     0 | D:1      | Morrissey the Centaur Hunter began the quest for the Orb.
     0 | D:1      | Reached XP level 1. HP: 17/17 MP: 1/1
    97 | D:1      | Reached XP level 2. HP: 18/24 MP: 2/2
  1033 | D:1      | Reached XP level 3. HP: 30/30 MP: 3/3
  1494 | D:2      | Noticed Jessica
  1515 | D:2      | Killed Jessica
  1515 | D:2      | Reached XP level 4. HP: 19/38 MP: 4/4
  2162 | D:2      | Found a runed translucent door.
  2163 | D:2      | Noticed Crazy Yiuf
  2189 | D:2      | Killed Crazy Yiuf
  2189 | D:2      | Reached XP level 5. HP: 45/45 MP: 5/5
  2296 | D:2      | Noticed Terence
  2320 | D:2      | Killed Terence
  2669 | D:2      | Found a faded altar of an unknown god.
  2836 | D:3      | Found a sacrificial altar of Ru.
  3251 | D:3      | Reached XP level 6. HP: 52/52 MP: 6/6
  3737 | D:4      | Found a stormy altar of Qazlal.
  3819 | D:4      | Reached skill level 1 in Polearms
  4268 | D:4      | Found Dutruimn's Antique Armour Emporium.
  4351 | D:4      | Reached XP level 7. HP: 44/60 MP: 7/7
  4859 | D:4      | Reached skill level 5 in Fighting
  4925 | D:4      | Found a bloodstained altar of Trog.
  5223 | D:4      | Found a deep blue altar of Sif Muna.
  5741 | D:5      | Entered Level 5 of the Dungeon
  5788 | D:5      | Reached XP level 8. HP: 68/68 MP: 8/8
  5861 | D:5      | Reached skill level 5 in Polearms
  5861 | D:5      | Reached skill level 10 in Bows
  6183 | D:5      | Found an ancient bone altar of Kikubaaqudgha.
  6368 | D:5      | Found a staircase to the Ecumenical Temple.
  6380 | Temple   | Entered the Ecumenical Temple
  6421 | Temple   | Became a worshipper of Warmaster Okawaru
  6615 | D:5      | Noticed Duvessa
  6615 | D:5      | Noticed Dowan
  6634 | D:5      | Killed Duvessa
  6645 | D:5      | Killed Dowan
  6958 | D:5      | Found a hazy altar of Hepliaklqana.
  7000 | D:5      | Found an ornate altar of the Wu Jian Council.
  7000 | D:5      | Found a sparkling altar of Nemelex Xobeh.
  7333 | D:6      | Noticed Grinder
  7344 | D:6      | Killed Grinder
  7344 | D:6      | Reached XP level 9. HP: 74/74 MP: 9/9
  7354 | D:6      | Found a hide-covered altar of Uskayaw.
  7481 | D:6      | Reached * piety under Okawaru
  8355 | D:7      | Found an iron altar of Okawaru.
  8506 | D:7      | Reached ** piety under Okawaru
  8656 | D:7      | Found Utijut's Assorted Antiques.
  8723 | D:7      | Found a white marble altar of Elyvilon.
  8771 | D:7      | Found an opulent altar of Gozag.
  9237 | D:8      | Found a sparkling altar of Nemelex Xobeh.
  9355 | D:8      | Found a radiant altar of Vehumet.
  9463 | D:8      | Reached *** piety under Okawaru
  9463 | D:8      | Reached XP level 10. HP: 42/81 MP: 10/10
  9862 | D:8      | Noticed a three-headed hydra
  9947 | D:8      | Killed a three-headed hydra
  9947 | D:8      | Reached skill level 10 in Polearms
 10463 | D:8      | Found Ygamip's Weapon Emporium.
 10647 | D:9      | Found a glowing silver altar of Zin.
 10742 | D:9      | Reached **** piety under Okawaru
 10742 | D:9      | Noticed a two-headed ogre
 10792 | D:9      | Killed a two-headed ogre
 11417 | D:9      | Found a bloodstained altar of Trog.
 11497 | D:10     | Entered Level 10 of the Dungeon
 11689 | D:10     | You fall through a shaft for 2 floors!
 11711 | D:12     | Noticed a manticore
 11721 | D:12     | Killed a manticore
 11721 | D:12     | Received a gift from Okawaru
 12111 | D:11     | Reached ***** piety under Okawaru
 12111 | D:11     | Reached XP level 11. HP: 65/86 MP: 11/11
 12525 | D:11     | Found a shadowy altar of Dithmenos.
 13015 | D:10     | Received a gift from Okawaru
 13939 | D:11     | Noticed a green ugly thing
 13983 | D:11     | Killed a green ugly thing
 14611 | D:11     | Found a staircase to the Lair.
 14671 | Lair:1   | Entered Level 1 of the Lair of Beasts
 15350 | Lair:1   | Received a gift from Okawaru
 15659 | Lair:1   | Noticed viktor89's ghost (journeyman DrCj)
 15659 | Lair:1   | Noticed a minotaur
 15848 | Lair:1   | Found a runed translucent gate.
 15848 | Lair:1   | Found a runed translucent gate.
 15848 | Lair:1   | Found a runed translucent gate.
 15906 | Lair:1   | Identified a scroll of acquirement
 16002 | Lair:1   | Received a gift from Okawaru
 16018 | Lair:1   | Noticed a four-headed hydra
 16028 | Lair:1   | Killed a four-headed hydra
 16185 | Lair:1   | Received a gift from Okawaru
 16185 | Lair:1   | Reached XP level 12. HP: 72/94 MP: 12/12
 16422 | Lair:2   | Reached skill level 1 in Armour
 16459 | Lair:2   | Noticed a six-headed hydra
 16502 | Lair:2   | Killed a six-headed hydra
 16542 | Lair:2   | Found a frozen archway.
 16554 | IceCv    | Entered an ice cave
 16575 | IceCv    | Mangled by an alligator simulacrum

Skill      XL: |  1  2  3  4  5  6  7  8  9 10 11 12 |
---------------+-------------------------------------+-----
Bows           | 6 7 8 9 11 12 13 14 | 14.0
Fighting       | 3 4 5 |  5.0
Polearms       | 2 4 7 9 11 14 | 14.0
Armour         | 1 |  1.8
Dodging        | 2 |  2.4
Stealth        | |  0.4

Action                   |  1- 3 |  4- 6 |  7- 9 | 10-12 || total
-------------------------+-------+-------+-------+-------++-------
Melee: Short sword       |    52 |     7 |       |       ||    59
       Kick              |    14 |     4 |    26 |   117 ||   161
       Trident           |       |    17 |   113 |   384 ||   514
       Shortbow          |       |     2 |       |       ||     2
 Fire: Shortbow          |    44 |   207 |   373 |   457 ||  1081
Invok: Heroism           |       |       |       |     2 ||     2
       Finesse           |       |       |       |     2 ||     2
  Use: Scroll            |       |     2 |    10 |    11 ||    23
       Potion            |       |       |       |     3 ||     3
 Stab: Sleeping          |     1 |       |       |       ||     1
  Eat: Chunk             |     1 |     7 |    13 |    21 ||    42
Armor: Leather armour    |     6 |       |       |       ||     6
       Ring mail         |    12 |    28 |    55 |   110 ||   205
       Skin              |     2 |       |       |       ||     2
Dodge: Dodged            |    21 |     8 |    56 |   177 ||   262
Block: Other             |       |       |       |    22 ||    22
